 Dungeon Crawl Stone Soup version 0.29-a0-668-g12ee2bf84d (webtiles) character file.

Game seed: 6760908729852939745

15675 sammy202020 the Fighter (level 12, -21/100 HPs)
             Began as a Demonspawn Berserker on June 23, 2022.
             Was a High Priest of Trog.
             Demolished by a death yak simulacrum (26 damage)
             ... in an ice cave.
             The game lasted 00:22:50 (11327 turns).

sammy202020 the Fighter (Demonspawn Berserker)     Turns: 11327, Time: 00:22:51

Health: -21/100    AC: 21    Str: 25    XL:     12   Next: 3%
Magic:  12/12      EV: 10    Int: 11    God:    Trog [*****.]
Gold:   121        SH: 10    Dex: 16    Spells: 11/11 levels left

rFire   + . .      SeeInvis +   k - +7 broad axe (flame)
rCold   . . .      Faith    .   z - +1 buckler
rNeg    . . .      Spirit   .   w - +0 plate armour
rPois   +          Reflect  .   (no helmet)
rElec   +          Harm     .   A - +0 cloak
rCorr   .          Rampage  .   c - +0 pair of gloves
Will    .....      Rage     1%  (no boots)
Stlth   ..........              r - amulet of magic regeneration
HPRegen 0.26/turn               h - ring of Equivalence {*Corrode rElec rPois Str+6 Dex+2}
MPRegen 0.53/turn               j - ring of see invisible

@: corroded, on berserk cooldown, slowed, very slow
A: hooves 2, icy blue scales 1, icemail 2, powered by pain 1, condensation
shield, berserk 1, fire resistance 1
a: Renounce Religion, Berserk, Trog's Hand, Brothers in Arms


You were in an ice cave.
You worshipped Trog.
Trog was extremely pleased with you.
You visited 1 branch of the dungeon, and saw 11 of its levels.
You also visited: Ice Cave.

You collected 1688 gold pieces.
You spent 1567 gold pieces at shops.

Inventory:

Hand Weapons
 k - a +7 broad axe of flaming (weapon)
 E - a +0 hand crossbow
Missiles
 a - 7 boomerangs
 m - 3 throwing nets (quivered)
 C - 5 javelins
Armour
 c - a +0 pair of gloves (worn)
 p - a +2 buckler of cold resistance
 u - a +1 pair of boots of flying
 w - a +0 plate armour (worn)
 z - a +1 buckler (worn)
 A - a +0 cloak (worn)
Jewellery
 e - a +6 ring of strength
 h - the ring of Equivalence (left hand) {*Corrode rElec rPois Str+6 Dex+2}
   (You bought it in a shop on level 3 of the Dungeon)

   [ring of strength]

   Str:       It affects your strength (+6).
   Dex:       It affects your dexterity (+2).
   rElec:     It insulates you from electricity.
   rPois:     It protects you from poison.
   *Corrode:  It may corrode you when you take damage.
 j - a ring of see invisible (right hand)
 r - an amulet of magic regeneration (around neck)
Wands
 b - a wand of digging (5)
 f - a wand of flame (9)
 t - a wand of iceblast (7)
 F - a wand of mindburst (5)
Scrolls
 g - a scroll of magic mapping
 y - 6 scrolls of teleportation
 D - 3 scrolls of identify
 G - a scroll of silence
Potions
 d - 2 potions of might
 l - 8 potions of curing
 n - a potion of haste
 o - a potion of mutation
 q - 3 potions of berserk rage
 s - a potion of brilliance
 v - 2 potions of heal wounds
 B - 2 potions of lignification
Miscellaneous
 i - a box of beasts


   Skills:
 * Level 11.4 Fighting
 * Level 10.5 Axes
 + Level 7.3 Armour
 + Level 7.3 Dodging
 - Level 5.0 Shields


You had 11 spell levels left.
You didn't know any spells.
Your spell library was empty.

Dungeon Overview and Level Annotations

Branches:
Dungeon (11/15)            Temple (0/1) D:4            Lair (0/6) D:9
    Orc (0/2) D:11          IceCv (1/1)

Altars:
Ashenzari
Dithmenos
Yredelemnul
Zin
The Shining One

Shops:
D:3 ??=!   D:9 [   D:10 (*

Annotations:
IceCv exclusion: ice statue


Innate Abilities, Weirdness & Mutations

You have hoof-like feet.
You are partially covered in icy blue scales. (AC +2)
A meltable icy envelope protects you from harm. (AC +8)
You sometimes gain a little power by taking damage.
A meltable shield of frost defends you. (SH +4)
You tend to lose your temper in combat.
Your flesh is heat resistant. (rF+)


Message History

You hit the white ugly thing. You burn the white ugly thing.
You kill the white ugly thing!
Trog accepts your kill.
Trog will now gift you melee weapons as you gain piety.
A red film seems to cover your vision as you go berserk!
You feel yourself moving faster!
You feel mighty!
You slash the ice beast!
You melt the ice beast.
You kick the ice beast.
The ice beast is severely wounded.
The ice beast hits you but does no damage.
You slice the ice beast!!
You melt the ice beast.
You feel the power of Trog in you as your rage grows.
You kill the ice beast!
The ice beast disappears in a puff of smoke!
The death yak simulacrum closely misses you.
You see here an ugly thing corpse.
You feel a strong urge to attack something.
The death yak simulacrum gores you! The death yak simulacrum freezes you!!
The death yak simulacrum gores you! The death yak simulacrum freezes you!!
You see here an ugly thing corpse.
You feel your anger nearly subside.
You are no longer berserk.
You are exhausted.
You feel yourself slow down.
You hit the death yak simulacrum but do no damage.
The death yak simulacrum barely misses you.
You hit the death yak simulacrum.
You melt the death yak simulacrum.
The death yak simulacrum is lightly damaged.
The death yak simulacrum closely misses you.
You slice the death yak simulacrum!!
You melt the death yak simulacrum!
You kick the death yak simulacrum, but do no damage.
The death yak simulacrum is almost destroyed.
The death yak simulacrum closely misses you.
The death yak simulacrum gores you. The death yak simulacrum freezes you!!
* * * LOW HITPOINT WARNING * * *
You hit the death yak simulacrum but do no damage.
The death yak simulacrum is almost destroyed.
The death yak simulacrum gores you.
* * * LOW HITPOINT WARNING * * *
The death yak simulacrum freezes you!!
You die...

####### #######
#.....## ##.....#
#......###.....)#
#.......#.......#...
#.∩..∩.@ZZ.............
#.......#.......#....Y.
#......###.....!#......
#.....## ##..(?!# ...8#
####### ####### #####


You could see 2 death yak simulacra.

Vanquished Creatures
  2 hydras (D:11)
  6 death yaks (D:9)
  Pikel (D:7)
  An ugly thing (IceCv)
  Psyche (D:8)
  An unseen horror (D:8)
  A komodo dragon (D:11)
  2 trolls
  A hornet (D:8)
  Prince Ribbit (D:9)
  12 yaks
  2 wyverns
  2 wraiths (D:10)
  3 vampire mosquitoes (D:11)
  6 humans (D:10)
  2 steam dragons
  2 death yak simulacra (IceCv)
  Menkaure (D:6)
  An acid dragon (D:9)
  Duvessa (D:7)
  3 water moccasins
  A sky beast (D:7)
  2 black bears
  2 orc warriors
  An ice beast (D:6)
  5 centaurs
  A lemure (D:7)
  A kobold brigand (D:7)
  A phantom (D:6)
  3 bullfrogs
  3 gnoll sergeants
  3 scorpions (D:5)
  A two-headed ogre simulacrum (D:11)
  3 wights (D:9)
  3 necrophages
  Dowan (D:7)
  9 killer bees
  An elephant simulacrum (IceCv)
  2 howler monkeys
  A jelly (D:5)
  3 hounds
  Ijyb (D:4)
  9 orc priests
  Crazy Yiuf (D:7)
  3 iguanas
  12 orc wizards
  2 troll simulacra (D:11)
  2 spriggan simulacra (D:11)
  A polar bear simulacrum (IceCv)
  20 gnolls
  A naga simulacrum (D:11)
  9 adders
  A white imp (D:7)
  2 ufetubi (D:5)
  2 worms
  A dart slug (D:4)
  44 orcs
  5 endoplasms
  A giant cockroach (D:1)
  8 goblins
  10 hobgoblins
  3 jackals (D:5)
  8 quokkas
  3 ball pythons
  5 bats
  8 frilled lizards
  15 kobolds
  8 rats
284 creatures vanquished.

Vanquished Creatures (others)
  3 plants
3 creatures vanquished.

Grand Total: 287 creatures vanquished

Notes
Turn   | Place    | Note
-------+----------+-------------------------------------------
     0 | D:1      | sammy202020 the Demonspawn Berserker began the quest for
                  | the Orb.
     0 | D:1      | Reached XP level 1. HP: 18/18 MP: 1/1
   228 | D:1      | Gained mutation: You are partially covered in icy blue
                  | scales. (AC +2) [demonic ancestry]
   228 | D:1      | Reached XP level 2. HP: 14/24 MP: 2/2
   626 | D:1      | Reached XP level 3. HP: 16/29 MP: 3/3
  1037 | D:2      | Reached ** piety under Trog
  1215 | D:2      | Found a faded altar of an unknown god.
  1846 | D:3      | Gained mutation: A meltable shield of frost defends you.
                  | (SH +4) [demonic ancestry]
  1846 | D:3      | Reached XP level 4. HP: 31/37 MP: 4/4
  2084 | D:3      | Reached skill level 4 in Fighting
  2091 | D:3      | Reached XP level 5. HP: 42/42 MP: 5/5
  2282 | D:3      | Found Ozxuirhe's Distillery.
  2304 | D:3      | Bought a potion of mutation for 96 gold pieces
  2374 | D:3      | Found Soselir's Magic Scroll Shoppe.
  2434 | D:3      | Found Cekif's Magic Scroll Shop.
  2520 | D:3      | Found Ocouppey's Jewellery Shop.
  2735 | D:4      | Noticed a wyvern
  2736 | D:4      | Found a staircase to the Ecumenical Temple.
  2744 | D:4      | Killed a wyvern
  2745 | D:4      | Reached XP level 6. HP: 42/49 MP: 6/6
  3112 | D:4      | Noticed Ijyb
  3124 | D:4      | Killed Ijyb
  3125 | D:4      | Reached skill level 5 in Fighting
  3312 | D:4      | Reached *** piety under Trog
  3561 | D:4      | Gained mutation: You have large cloven feet. [demonic
                  | ancestry]
  3561 | D:4      | Reached XP level 7. HP: 47/56 MP: 7/7
  3654 | D:5      | Entered Level 5 of the Dungeon
  3660 | D:5      | Reached skill level 5 in Axes
  4006 | D:5      | Reached skill level 6 in Fighting
  4208 | D:5      | Gained mutation: A meltable icy envelope protects you from
                  | harm. (AC +8) [demonic ancestry]
  4208 | D:5      | Reached XP level 8. HP: 33/64 MP: 8/8
  5221 | D:6      | Found a broken altar of Ashenzari.
  5250 | D:6      | Reached skill level 1 in Shields
  5335 | D:6      | Reached skill level 7 in Fighting
  5459 | D:6      | Noticed Menkaure
  5472 | D:6      | Killed Menkaure
  5863 | D:6      | Found a basalt altar of Yredelemnul.
  5957 | D:7      | Noticed Pikel
  5972 | D:7      | Killed Pikel
  5973 | D:7      | Reached XP level 9. HP: 72/72 MP: 9/9
  5995 | D:7      | Noticed Duvessa
  6007 | D:7      | Killed Duvessa
  6044 | D:7      | Noticed Dowan
  6051 | D:7      | Killed Dowan
  6052 | D:7      | Reached skill level 8 in Fighting
  6052 | D:7      | Reached skill level 5 in Dodging
  6148 | D:7      | Reached **** piety under Trog
  6157 | D:7      | Reached skill level 5 in Armour
  6873 | D:7      | Found a runed translucent door.
  6874 | D:7      | Noticed Crazy Yiuf
  7236 | D:7      | Killed Crazy Yiuf
  7616 | D:8      | Noticed Psyche
  7629 | D:8      | Killed Psyche
  7668 | D:8      | Killed an unseen horror
  7669 | D:8      | Gained mutation: You sometimes gain a little power by
                  | taking damage. [demonic ancestry]
  7669 | D:8      | Reached XP level 10. HP: 46/82 MP: 10/10
  8176 | D:8      | Paralysed by a hornet for 2 turns
  8480 | D:8      | Identified a scroll of acquirement
  8530 | D:9      | Noticed a death yak
  8535 | D:9      | Noticed a death yak
  8536 | D:9      | Noticed a death yak
  8551 | D:9      | Noticed a death yak
  8553 | D:9      | Noticed a death yak
  8555 | D:9      | Reached skill level 9 in Fighting
  8556 | D:9      | Noticed a death yak
  8559 | D:9      | Killed a death yak
  8576 | D:9      | Killed a death yak
  8579 | D:9      | Killed a death yak
  8588 | D:9      | Killed a death yak
  8597 | D:9      | Gained mutation: A meltable icy envelope protects you from
                  | harm. (AC +8) [demonic ancestry]
  8597 | D:9      | Reached XP level 11. HP: 23/90 MP: 11/11
  8603 | D:9      | Killed a death yak
  8604 | D:9      | Reached skill level 10 in Fighting
  8605 | D:9      | Killed a death yak
  8725 | D:9      | Found a staircase to the Lair.
  8761 | D:9      | Found Eckaori's Antique Armour Emporium.
  8767 | D:9      | Bought a bloodstained helmet for 209 gold pieces
  8767 | D:9      | Identified the +2 helmet "Titaac" {+Blink rElec Slay-2}
                  | (You bought it in a shop on level 9 of the Dungeon)
  8977 | D:9      | Gained mutation: You tend to lose your temper in combat.
                  | [potion of mutation]
  8977 | D:9      | Gained mutation: Your flesh is heat resistant. (rF+)
                  | [potion of mutation]
  8977 | D:9      | Gained mutation: You have hoof-like feet. [potion of
                  | mutation]
  9111 | D:9      | Reached skill level 5 in Shields
  9274 | D:9      | Noticed Prince Ribbit
  9292 | D:9      | Killed Prince Ribbit
  9446 | D:10     | Entered Level 10 of the Dungeon
  9453 | D:10     | Found Atseir's Antique Weapon Emporium.
  9460 | D:10     | Bought a runed broad axe for 119 gold pieces
  9722 | D:10     | Found Ymih's General Store.
  9888 | D:10     | Found a shadowy altar of Dithmenos.
 10467 | D:10     | Acquired 1100 gold pieces
 10607 | D:3      | Bought 3 scrolls of enchant weapon for 315 gold pieces
 10621 | D:3      | Bought the ring of Equivalence {*Corrode rElec rPois Str+6
                  | Dex+2} for 828 gold pieces
 10802 | D:11     | Reached skill level 10 in Axes
 10842 | D:11     | Noticed a four-headed hydra
 10845 | D:11     | Found a staircase to the Orcish Mines.
 10853 | D:11     | Killed a one-headed hydra
 10854 | D:11     | Reached skill level 11 in Fighting
 11063 | D:11     | Noticed an eight-headed hydra
 11072 | D:11     | Killed a five-headed hydra
 11073 | D:11     | Found a frozen archway.
 11079 | D:11     | Reached ***** piety under Trog
 11105 | IceCv    | Entered an ice cave
 11125 | IceCv    | Reached XP level 12. HP: 28/100 MP: 12/12
 11327 | IceCv    | HP: 5/100 [death yak simulacrum (4)]
 11327 | IceCv    | Demolished by a death yak simulacrum

Illustrated notes

Levels and vault maps discovered:
D:1:      lightli_arrival_statue_moat, layout_rooms, minivault_26
D:2:      layout_basic, shapermc_ecumenical_altar_acropolis, lemuel_old_faithful
D:3:      layout_loops_ring, serial_shops, nicolae_shop_stone,
          nicolae_square_shop, shop, nicolae_shop_stone
D:4:      layout_basic, zin_scriptorium, minmay_temple_entry_ruins,
          serial_bayou_ford_a, uniq_ijyb
D:5:      minmay_bubble_buster, layout_cave_pools
D:6:      layout_rooms, mainiacjoe_overflow_swirl, grunt_decor_junction,
          minmay_hedge_maze, uniq_menkaure
D:7:      layout_loops_ring, grunt_decor_one_mirror, minmay_holes,
          nicolae_concentric_dashed_squares_mild, uniq_crazy_yiuf_cottage,
          uniq_pikel, uniq_duvessa
D:8:      layout_basic, tso_metal_star, uniq_psyche
D:9:      layout_irregular_city, dpeg_lair_monsters, serial_shops,
          nicolae_shop_hallway_plus, dreamdust_princess_corridor,
          uniq_prince_ribbit1
D:10:     layout_irregular_city, mainiacjoe_overflow_alcove_4, serial_shops,
          nicolae_diamond_shop, nicolae_wooded_promenade, minmay_ruffians
D:11:     layout_grid_maze, david_orc_2, portal_ice_cave_entry_ice_simulacra
IceCv:    ice_cave_statue_garden_chambered

Skill      XL: |  1  2  3  4  5  6  7  8  9 10 11 |
---------------+----------------------------------+-----
Axes           | 3 4 5 7 8 9 10 | 10.5
Dodging        | 2 3 4 5 6 7 |  7.3
Armour         | 2 3 4 5 6 7 |  7.3
Fighting       | 4 5 6 7 8 9 11 | 11.4
Shields        | 2 3 4 5 |  5.0

Action                   |  1- 3 |  4- 6 |  7- 9 | 10-12 || total
-------------------------+-------+-------+-------+-------++-------
Melee: Hand axe          |   119 |   125 |   278 |   193 ||   715
       Punch             |     1 |     2 |       |       ||     3
       Kick              |       |       |    78 |   100 ||   178
       Broad axe         |       |       |       |   119 ||   119
Throw: Throwing net      |       |       |     1 |       ||     1
Invok: Berserk           |     1 |     1 |     5 |     3 ||    10
       Trog's Hand       |       |       |     5 |     6 ||    11
  Use: Scroll            |     3 |     3 |    10 |    10 ||    26
       Potion            |       |       |     1 |     5 ||     6
 Stab: Sleeping          |     1 |       |       |       ||     1
Armor: Animal skin       |    24 |       |       |       ||    24
       Leather armour    |    14 |    49 |       |       ||    63
       Ring mail         |       |     4 |     2 |       ||     6
       Plate armour      |       |       |   212 |   224 ||   436
Dodge: Dodged            |    87 |    79 |    79 |   178 ||   423
Block: Other             |       |    20 |    11 |       ||    31
       Buckler           |       |       |    90 |   204 ||   294

Table legend: (Time is in decaauts)
 A = Elapsed time spent in this place.
 B = Non-inter-level travel time spent in this place.
 C = Inter-level travel time spent in this place.
 D = Time resting spent in this place.
 E = Time spent auto-exploring this place.
 F = Levels seen in this place.
 G = Mean time per level.
                   A        B        C        D        E       F      G
               +--------+--------+--------+--------+--------+-----+--------+
         Total |  11425 |  11021 |    404 |    716 |   7997 |  12 |  952.1 |
       Dungeon |  11212 |  10808 |    404 |    716 |   7827 |  11 | 1019.3 |
      Ice Cave |    213 |    213 |      0 |      0 |    169 |   1 |  213.0 |
               +--------+--------+--------+--------+--------+-----+--------+

Top non-repeatable levels by time:
     D:7: 1441 daAuts
     D:5: 1311 daAuts
     D:4: 1270 daAuts
     D:8: 1165 daAuts
    D:10: 1078 daAuts
     D:9: 1006 daAuts
     D:1: 994 daAuts
     D:3: 941 daAuts
     D:6: 902 daAuts
     D:2: 754 daAuts
    D:11: 345 daAuts
   IceCv: 213 daAuts
